 Dungeon Crawl Stone Soup version 0.21-a0-179-gd2bfb5f (webtiles) character file.

4 Goblin1989 the Firebug (level 1, -2/14 HPs)
             Began as a Draconian Fire Elementalist on Aug 11, 2017.
             Slain by a goblin
             ... wielding a +0 dagger
              (4 damage)
             ... on level 1 of the Dungeon.
             The game lasted 00:01:41 (133 turns).

Goblin1989 the Firebug (Draconian Fire Elementalist) Turns: 133, Time: 00:01:42

Health: -2/14      AC:  4    Str: 10    XL:     1   Next: 50%
Magic:  1/3        EV: 12    Int: 15    God:
Gold:   7          SH:  0    Dex: 11    Spells: 3/4 levels left

rFire    . . .     SeeInvis .   (no weapon)
rCold    . . .     Gourm    .   (no shield)
rNeg     . . .     Faith    .   (armour unavailable)
rPois    .         Spirit   .   (helmet restricted)
rElec    .         Reflect  .   (no cloak)
rCorr    .         Harm     .   (no gloves)
MR       .....                  (no boots)
Stlth    ++........             (no amulet)
HPRegen  0.04/turn              (no ring)
MPRegen  0.08/turn              (no ring)

@: no status effects
A: unfitting armour, cold-blooded, AC +4
a: no special abilities


You were on level 1 of the Dungeon.
You were not hungry.

You visited 1 branch of the dungeon, and saw 1 of its levels.

You collected 7 gold pieces.

Inventory:

Scrolls
 g - 2 scrolls of teleportation {unknown}
Books
 a - a book of Flames

   Spells                             Type                      Level
   a - Flame Tongue                   Conjuration/Fire             1
   b - Throw Flame                    Conjuration/Fire             2
   c - Conjure Flame                  Conjuration/Fire             3
   d - Inner Flame                    Hexes/Fire                   3
   e - Sticky Flame                   Conjuration/Fire             4
   f - Fireball                       Conjuration/Fire             5
Comestibles
 e - a bread ration {@e1}
 f - 5 chunks of flesh


   Skills:
 - Level 1.7 Dodging
 - Level 1.7 Stealth
 + Level 2.1 Spellcasting
 * Level 1.3 Conjurations
 * Level 3.0 Fire Magic


You had 3 spell levels left.
You knew the following spells:

 Your Spells              Type           Power        Failure   Level  Hunger
a - Flame Tongue          Conj/Fire      #....        9%          1    #......


Dungeon Overview and Level Annotations

Branches:
Dungeon (1/15)

Altars:


Innate Abilities, Weirdness & Mutations

Your plain brown scales are hard. (AC +4)
You cannot fit into any form of body armour.
You are cold-blooded and may be slowed by cold attacks.


Message History

You now have 7 gold pieces.
A bat comes into view.
A bat is nearby!
A bat is nearby!
A bat and a goblin come into view.
The goblin shouts!
Unknown command.
Casting: Flame Tongue
Confirm with . or Enter, or press ? or * to list all spells.
Aiming: Flame Tongue
Press: ? - help, Shift-Dir - straight line, f - bat
Aim: a bat The flame tongue misses the bat.
You now have 2/3 mp.
Casting: Flame Tongue
Confirm with . or Enter, or press ? or * to list all spells.
Aiming: Flame Tongue
Press: ? - help, Shift-Dir - straight line, f/p - bat
Aim: a bat The flame tongue misses the bat.
The flame tongue hits the bat.
The bat is severely wounded.
The bat closely misses you. x2
You now have 1/3 mp.
Casting: Flame Tongue
Confirm with . or Enter, or press ? or * to list all spells.
Aiming: Flame Tongue
Press: ? - help, Shift-Dir - straight line, f/p - bat
Aim: a bat The flame tongue misses the bat.
The bat barely misses you. The bat misses you. The bat closely misses you. x2
You now have 0/3 mp.
Casting: Flame Tongue
Confirm with . or Enter, or press ? or * to list all spells.
You don't have enough magic to cast that spell.
No previous command to re-do.
No previous command to re-do.
The bat misses you. The bat hits you but does no damage.
The bat hits you but does no damage. The bat barely misses you.
A goblin comes into view. It is wielding a dagger.
The bat barely misses you. The bat hits you but does no damage.
The bat barely misses you. The bat hits you but does no damage.
You miss the bat.
The bat is severely wounded.
The bat barely misses you. The bat hits you but does no damage.
You miss the bat.
Your tail-slap misses the bat.
The bat is severely wounded.
The bat barely misses you. x2
You closely miss the bat.
The bat is severely wounded.
The bat barely misses you.
You hit the bat.
You kill the bat!
The bat closely misses you.
You hit the bat but do no damage. You tail-slap the bat.
You kill the bat!
You closely miss the goblin. The goblin hits you with a dagger.
You take 4 damage, and have 10/14 hp.
MASSIVE DAMAGE!!
You hit the goblin but do no damage.
Your tail-slap misses the goblin.
The goblin misses you.
You barely miss the goblin.
The goblin shouts!
The goblin barely misses you.
You closely miss the goblin. The goblin hits you with a dagger.
You take 1 damage, and have 10/14 hp.
You hit the goblin but do no damage. The goblin misses you.
You closely miss the goblin. The goblin hits you but does no damage.
You hit the goblin but do no damage.
Your tail-slap misses the goblin.
The goblin hits you with a dagger. The goblin misses you.
You take 1 damage, and have 9/14 hp.
Casting: Flame Tongue
Confirm with . or Enter, or press ? or * to list all spells.
Aiming: Flame Tongue
Press: ? - help, Shift-Dir - straight line, f - you That would be overly suicidal.
Okay, then.
Unknown command.
You barely miss the goblin.
Your tail-slap misses the goblin.
The goblin misses you. The goblin hits you with a dagger.
* * * LOW HITPOINT WARNING * * *
You take 4 damage, and have 5/14 hp.
MASSIVE DAMAGE!!
You closely miss the goblin.
Your tail-slap misses the goblin.
The goblin closely misses you. The goblin misses you.
You completely miss the goblin. The goblin hits you with a dagger.
* * * LOW HITPOINT WARNING * * *
The goblin closely misses you.
You take 3 damage, and have 2/14 hp.
MASSIVE DAMAGE!!
Casting: Flame Tongue
Confirm with . or Enter, or press ? or * to list all spells.
Aiming: Flame Tongue
Press: ? - help, Shift-Dir - straight line, f - goblin
Aim: a goblin, wielding a dagger The flame tongue hits the goblin.
The goblin is moderately wounded.
The goblin hits you but does no damage. x2
You hit the goblin but do no damage.
The goblin is moderately wounded.
The goblin closely misses you. The goblin hits you with a dagger.
You die...

.█ .█ .█ .███████████
...........█
.█████████.█ .█ █.█
.█████████.███████████
...............g@g...█
███.███████.████████.█
█.█ █..g....g..███ █..
..████████...█ █..█


████ █.....█ █..█ █.......█ █..█ █.......█ █..█ █.......█ ...?...██ You could
see 2 goblins.

Vanquished Creatures
  A giant cockroach (D:1)
  A goblin (D:1)
  2 bats (D:1)
4 creatures vanquished.

Notes
Turn   | Place    | Note
-------+----------+-------------------------------------------
     0 | D:1      | Goblin1989 the Draconian Fire Elementalist began the quest for the Orb.
     0 | D:1      | Reached XP level 1. HP: 14/14 MP: 3/3
     2 | D:1      | Noticed a ghoul
     4 | D:1      | Noticed a spriggan
     6 | D:1      | Noticed a minotaur
     8 | D:1      | Noticed a demigod
     8 | D:1      | Noticed an octopode
    10 | D:1      | Noticed a halfling
    10 | D:1      | Noticed a vine stalker
    12 | D:1      | Noticed a centaur
    12 | D:1      | Noticed a vampire
    14 | D:1      | Noticed a formicid
    14 | D:1      | Noticed a tengu
    16 | D:1      | Noticed a felid
    18 | D:1      | Noticed a gargoyle
    18 | D:1      | Noticed an elf
    20 | D:1      | Noticed a human
    20 | D:1      | Noticed a demonspawn
    22 | D:1      | Noticed a troll
    22 | D:1      | Noticed a dwarf
    24 | D:1      | Noticed an ogre
    24 | D:1      | Noticed a draconian
    26 | D:1      | Noticed a naga
    26 | D:1      | Noticed a merfolk
   133 | D:1      | Slain by a goblin

Vault maps used:
D:1:      kb_arrival_jail

Action                   || total
-------------------------++-------
Melee: Unarmed           ||    16
       Tailslap          ||     1
 Cast: Flame Tongue      ||     6
Armor: Skin              ||     7
Dodge: Dodged            ||    24

Vault maps used:
D:1:      kb_arrival_jail
